[ AOE2 MATCH · #505651737 ]
UnrankedMongols vs Persians
Player's team · WIN
Rival team · LOSS
[ REPLAY ANALYSIS · EXTRACTED FROM THE RECORDED GAME ]
Feudal
8:26
Castle
19:16
Imperial
39:02
| APM avg | 65.3 |
| APM peak | 120 |
| eAPM avg | 21.6 |
| Villagers / military | 154 / 177 |
Focus
⚔️ 38.5% · 🌾 61.5%
Cavalry Archer ×138 · Camel Scout ×21 · Scout Cavalry ×7 · Battering Ram ×4 · Mangonel ×2 · Spearman ×2
Feudal
11:13
Castle
19:56
Imperial
40:57
| APM avg | 60.2 |
| APM peak | 100 |
| eAPM avg | 33.6 |
| Villagers / military | 182 / 106 |
Focus
⚔️ 37.5% · 🌾 62.5%
Cavalry Archer ×61 · Knight ×31 · Archer ×6 · Scout Cavalry ×3 · Militia ×2 · Mangonel ×2
Match map
Initial resources + every placement click. Lines = walls · curves = elevation contours. ◆ gold · ⬟ stone · ● berries · ✦ relic · ◌ wall gap
Your base· ✓ Closed at 19:16 · 30t walls · 1 gate(s)
I believe I can fly's base· ✓ Closed at 19:56 · 42t walls · 2 gate(s)
Smoothed initial terrain · ◌ = detected wall gap · hover for details
Inputs per minute
— NeoPlex_cz - - I believe I can fly
Build order — NeoPlex_cz
First 150 of 546 actions detected
| 0:01 | Queue | Villager (Male) |
| 0:01 | Queue | Villager (Male) |
| 0:01 | Queue | Villager (Male) |
| 0:02 | Build | House |
| 0:03 | Build | House |
| 0:07 | Queue | Villager (Male) |
| 0:07 | Queue | Villager (Male) |
| 1:36 | Queue | Villager (Male) |
| 1:36 | Queue | Villager (Male) |
| 2:02 | Build | Lumber Camp |
| 2:02 | Queue | Villager (Male) |
| 2:02 | Queue | Villager (Male) |
| 2:20 | Queue | Villager (Male) |
| 2:51 | Queue | Villager (Male) |
| 2:51 | Queue | Villager (Male) |
| 3:13 | Queue | Villager (Male) |
| 3:13 | Queue | Villager (Male) |
| 3:25 | Build | House |
| 3:35 | Queue | Villager (Male) |
| 3:35 | Queue | Villager (Male) |
| 3:35 | Queue | Villager (Male) |
| 3:36 | Queue | Villager (Male) |
| 4:05 | Queue | Villager (Male) |
| 4:06 | Queue | Villager (Male) |
| 4:06 | Queue | Villager (Male) |
| 4:25 | Build | Mill |
| 4:46 | Queue | Villager (Male) |
| 4:46 | Queue | Villager (Male) |
| 4:47 | Queue | Villager (Male) |
| 5:04 | Queue | Villager (Male) |
| 5:29 | Research | Loom |
| 6:14 | Research | Feudal Age |
| 6:15 | Research | Feudal Age |
| 6:22 | Build | House |
| 6:41 | Build | House |
| 6:43 | Build | Palisade Wall |
| 7:08 | Build | Palisade Wall |
| 7:26 | Queue | Villager (Male) |
| 7:44 | Build | Barracks |
| 8:26 | Age | Feudal Age |
| 8:29 | Queue | Villager (Male) |
| 8:30 | Build | Stable |
| 9:04 | Queue | Villager (Male) |
| 9:14 | Queue | Scout Cavalry |
| 9:14 | Queue | Scout Cavalry |
| 9:37 | Queue | Villager (Male) |
| 9:39 | Research | Double-Bit Axe |
| 9:39 | Research | Double-Bit Axe |
| 9:45 | Build | House |
| 9:46 | Build | House |
| 9:53 | Queue | Villager (Male) |
| 9:59 | Build | Mill |
| 10:07 | Queue | Villager (Male) |
| 10:23 | Queue | Scout Cavalry |
| 10:45 | Queue | Villager (Male) |
| 10:46 | Build | Farm |
| 10:48 | Build | Farm |
| 11:00 | Build | Farm |
| 11:02 | Build | Farm |
| 11:03 | Build | Farm |
| 11:13 | Build | Palisade Wall |
| 11:34 | Queue | Villager (Male) |
| 11:34 | Queue | Villager (Male) |
| 11:36 | Build | Farm |
| 11:56 | Queue | Villager (Male) |
| 11:58 | Build | Farm |
| 12:00 | Build | Farm |
| 12:03 | Build | House |
| 12:19 | Queue | Villager (Male) |
| 12:20 | Queue | Scout Cavalry |
| 12:21 | Queue | Scout Cavalry |
| 12:31 | Queue | Scout Cavalry |
| 12:40 | Build | Farm |
| 12:45 | Build | House |
| 12:46 | Build | House |
| 12:51 | Queue | Spearman |
| 12:55 | Queue | Villager (Male) |
| 13:12 | Build | Mining Camp |
| 13:20 | Queue | Villager (Male) |
| 13:29 | Queue | Scout Cavalry |
| 13:34 | Queue | Spearman |
| 13:48 | Build | House |
| 13:49 | Build | Palisade Wall |
| 13:54 | Queue | Villager (Male) |
| 14:00 | Build | Farm |
| 14:18 | Queue | Villager (Male) |
| 14:31 | Build | Farm |
| 14:49 | Queue | Villager (Male) |
| 14:54 | Build | Farm |
| 14:56 | Build | Farm |
| 15:18 | Queue | Villager (Male) |
| 15:35 | Build | Blacksmith |
| 15:46 | Queue | Villager (Male) |
| 16:03 | Queue | Villager (Male) |
| 16:32 | Build | Palisade Wall |
| 16:36 | Research | Castle Age |
| 16:37 | Research | Castle Age |
| 16:44 | Build | Lumber Camp |
| 17:02 | Build | Palisade Gate |
| 17:04 | Build | House |
| 17:20 | Build | Palisade Wall |
| 17:52 | Build | Archery Range |
| 18:27 | Research | Fletching |
| 18:28 | Research | Fletching |
| 18:30 | Research | Bloodlines |
| 18:30 | Research | Bloodlines |
| 18:35 | Build | Archery Range |
| 18:43 | Build | Archery Range |
| 18:59 | Research | Gold Mining |
| 19:16 | Age | Castle Age |
| 19:21 | Research | Bodkin Arrow |
| 19:30 | Research | Wheelbarrow |
| 19:32 | Queue | Villager (Male) |
| 19:38 | Queue | Cavalry Archer |
| 19:39 | Queue | Cavalry Archer |
| 19:39 | Queue | Cavalry Archer |
| 19:39 | Queue | Cavalry Archer |
| 20:11 | Queue | Cavalry Archer |
| 20:11 | Queue | Cavalry Archer |
| 20:35 | Research | Bow Saw |
| 20:36 | Research | Bow Saw |
| 20:42 | Queue | Cavalry Archer |
| 20:42 | Queue | Cavalry Archer |
| 20:42 | Queue | Cavalry Archer |
| 20:54 | Queue | Villager (Male) |
| 20:58 | Queue | Cavalry Archer |
| 21:16 | Queue | Villager (Male) |
| 21:24 | Queue | Cavalry Archer |
| 21:24 | Queue | Cavalry Archer |
| 21:40 | Queue | Villager (Male) |
| 21:52 | Research | Padded Archer Armor |
| 22:14 | Queue | Cavalry Archer |
| 22:15 | Queue | Cavalry Archer |
| 22:15 | Queue | Cavalry Archer |
| 22:15 | Queue | Cavalry Archer |
| 22:22 | Queue | Villager (Male) |
| 22:29 | Queue | Villager (Male) |
| 22:31 | Build | Farm |
| 22:32 | Build | Farm |
| 22:34 | Build | Farm |
| 22:36 | Build | Farm |
| 22:39 | Research | Horse Collar |
| 22:39 | Research | Horse Collar |
| 22:44 | Build | House |
| 23:12 | Queue | Cavalry Archer |
| 23:12 | Queue | Cavalry Archer |
| 23:12 | Queue | Cavalry Archer |
| 23:12 | Queue | Cavalry Archer |
| 23:25 | Queue | Villager (Male) |
| 23:33 | Build | Town Center |
Build order — I believe I can fly
First 150 of 508 actions detected
| 0:00 | Queue | Villager (Male) |
| 0:01 | Queue | Villager (Male) |
| 0:02 | Build | House |
| 0:04 | Build | House |
| 0:13 | Queue | Villager (Male) |
| 0:13 | Queue | Villager (Male) |
| 0:18 | Queue | Villager (Male) |
| 0:18 | Queue | Villager (Male) |
| 1:23 | Queue | Villager (Male) |
| 1:39 | Build | Lumber Camp |
| 1:56 | Queue | Villager (Male) |
| 2:42 | Queue | Villager (Male) |
| 2:42 | Queue | Villager (Male) |
| 2:48 | Build | Palisade Wall |
| 2:49 | Build | Palisade Wall |
| 3:00 | Queue | Villager (Male) |
| 3:15 | Build | House |
| 3:21 | Queue | Villager (Male) |
| 3:30 | Build | Barracks |
| 3:42 | Queue | Villager (Male) |
| 3:42 | Queue | Villager (Male) |
| 4:08 | Queue | Villager (Male) |
| 4:09 | Queue | Villager (Male) |
| 4:27 | Queue | Militia |
| 4:55 | Research | Loom |
| 4:55 | Research | Loom |
| 5:08 | Queue | Villager (Male) |
| 5:08 | Queue | Villager (Male) |
| 5:28 | Build | House |
| 5:40 | Queue | Militia |
| 5:44 | Queue | Villager (Male) |
| 5:44 | Queue | Villager (Male) |
| 6:08 | Build | Mill |
| 6:18 | Queue | Villager (Male) |
| 6:18 | Queue | Villager (Male) |
| 7:08 | Queue | Villager (Male) |
| 7:23 | Queue | Villager (Male) |
| 7:46 | Build | Mill |
| 7:49 | Build | House |
| 7:50 | Queue | Villager (Male) |
| 8:10 | Queue | Villager (Male) |
| 8:45 | Queue | Villager (Male) |
| 9:01 | Research | Feudal Age |
| 9:01 | Research | Feudal Age |
| 9:39 | Build | Barracks |
| 9:49 | Build | Mining Camp |
| 9:55 | Build | Palisade Wall |
| 9:56 | Build | Palisade Wall |
| 9:58 | Build | House |
| 10:01 | Queue | Villager (Male) |
| 10:11 | Build | Palisade Wall |
| 10:34 | Build | House |
| 11:13 | Age | Feudal Age |
| 11:17 | Build | Stable |
| 11:29 | Queue | Villager (Male) |
| 11:32 | Build | Palisade Gate |
| 11:42 | Build | Palisade Wall |
| 11:50 | Queue | Villager (Male) |
| 11:58 | Queue | Scout Cavalry |
| 12:00 | Research | Double-Bit Axe |
| 12:05 | Build | Farm |
| 12:12 | Queue | Villager (Male) |
| 12:25 | Build | Farm |
| 12:32 | Queue | Scout Cavalry |
| 12:33 | Queue | Villager (Male) |
| 12:41 | Queue | Spearman |
| 12:46 | Build | Farm |
| 12:51 | Queue | Scout Cavalry |
| 12:52 | Queue | Villager (Male) |
| 13:00 | Build | House |
| 13:06 | Build | Palisade Wall |
| 13:10 | Build | Farm |
| 13:13 | Build | Farm |
| 13:19 | Queue | Villager (Male) |
| 13:27 | Queue | Villager (Male) |
| 13:34 | Build | Farm |
| 13:34 | Queue | Villager (Male) |
| 13:39 | Build | Palisade Wall |
| 13:50 | Build | Palisade Wall |
| 13:58 | Build | Farm |
| 13:58 | Queue | Villager (Male) |
| 14:01 | Build | House |
| 14:19 | Build | Farm |
| 14:23 | Build | Farm |
| 14:31 | Queue | Villager (Male) |
| 14:40 | Build | Farm |
| 14:51 | Build | Farm |
| 15:12 | Build | Archery Range |
| 15:17 | Build | Archery Range |
| 15:21 | Queue | Villager (Male) |
| 15:24 | Build | Farm |
| 15:28 | Build | Palisade Wall |
| 15:32 | Build | Palisade Wall |
| 15:42 | Queue | Villager (Male) |
| 15:46 | Build | Farm |
| 15:54 | Build | Palisade Wall |
| 16:04 | Build | Farm |
| 16:07 | Queue | Villager (Male) |
| 16:31 | Queue | Archer |
| 16:34 | Queue | Villager (Male) |
| 16:39 | Build | Blacksmith |
| 16:59 | Queue | Villager (Male) |
| 17:01 | Queue | Archer |
| 17:12 | Build | Lumber Camp |
| 17:27 | Build | House |
| 17:31 | Research | Castle Age |
| 17:31 | Research | Castle Age |
| 18:11 | Queue | Archer |
| 18:16 | Build | Archery Range |
| 18:23 | Build | Palisade Gate |
| 18:32 | Research | Fletching |
| 18:33 | Research | Fletching |
| 18:42 | Research | Gold Mining |
| 18:42 | Research | Gold Mining |
| 18:56 | Build | House |
| 18:59 | Build | Lumber Camp |
| 19:02 | Queue | Archer |
| 19:03 | Queue | Archer |
| 19:26 | Queue | Archer |
| 19:53 | Queue | Villager (Male) |
| 19:56 | Age | Castle Age |
| 20:05 | Queue | Cavalry Archer |
| 20:07 | Queue | Cavalry Archer |
| 20:11 | Research | Bloodlines |
| 20:11 | Research | Bloodlines |
| 20:21 | Queue | Villager (Male) |
| 20:32 | Build | Town Center |
| 20:33 | Queue | Villager (Male) |
| 20:35 | Queue | Cavalry Archer |
| 20:48 | Queue | Villager (Male) |
| 20:49 | Queue | Cavalry Archer |
| 21:06 | Queue | Villager (Male) |
| 21:08 | Research | Bodkin Arrow |
| 21:09 | Research | Bodkin Arrow |
| 21:26 | Queue | Villager (Male) |
| 21:39 | Queue | Cavalry Archer |
| 21:45 | Queue | Cavalry Archer |
| 21:48 | Queue | Villager (Male) |
| 22:13 | Queue | Cavalry Archer |
| 22:16 | Research | Padded Archer Armor |
| 22:17 | Queue | Villager (Male) |
| 22:18 | Queue | Cavalry Archer |
| 22:28 | Queue | Villager (Male) |
| 22:46 | Queue | Villager (Male) |
| 22:54 | Queue | Villager (Male) |
| 23:00 | Queue | Villager (Male) |
| 23:03 | Queue | Cavalry Archer |
| 23:04 | Queue | Cavalry Archer |
| 23:16 | Queue | Cavalry Archer |
| 23:17 | Queue | Villager (Male) |
Match timeline
| 2:48 | I believe I can fly · wall_segment Palisade Wall x1 |
| 2:49 | I believe I can fly · wall_segment Palisade Wall x1 |
| 3:30 | I believe I can fly · first_building Barracks |
| 6:43 | NeoPlex_cz · wall_segment Palisade Wall x7 |
| 7:08 | NeoPlex_cz · wall_segment Palisade Wall x9 |
| 7:44 | NeoPlex_cz · first_building Barracks |
| 8:26 | NeoPlex_cz · age_up feudal |
| 8:30 | NeoPlex_cz · first_building Stable |
| 9:55 | I believe I can fly · wall_segment Palisade Wall x1 |
| 9:56 | I believe I can fly · wall_segment Palisade Wall x1 |
| 10:11 | I believe I can fly · wall_segment Palisade Wall x1 |
| 11:13 | NeoPlex_cz · wall_segment Palisade Wall x7 |
| 11:13 | I believe I can fly · age_up feudal |
| 11:17 | I believe I can fly · first_building Stable |
| 11:42 | I believe I can fly · wall_segment Palisade Wall x1 |
| 13:06 | I believe I can fly · wall_segment Palisade Wall x1 |
| 13:39 | I believe I can fly · wall_segment Palisade Wall x9 |
| 13:49 | NeoPlex_cz · wall_segment Palisade Wall x3 |
| 13:50 | I believe I can fly · wall_segment Palisade Wall x11 |
| 15:12 | I believe I can fly · first_building Archery Range |
| 15:28 | I believe I can fly · wall_segment Palisade Wall x7 |
| 15:32 | I believe I can fly · wall_segment Palisade Wall x5 |
| 15:54 | I believe I can fly · wall_segment Palisade Wall x4 |
| 16:32 | NeoPlex_cz · wall_segment Palisade Wall x3 |
| 17:20 | NeoPlex_cz · wall_segment Palisade Wall x1 |
| 17:52 | NeoPlex_cz · first_building Archery Range |
| 19:16 | NeoPlex_cz · age_up castle |
| 19:56 | I believe I can fly · age_up castle |
| 26:39 | NeoPlex_cz · first_building Siege Workshop |
| 29:02 | I believe I can fly · first_building Siege Workshop |
| 31:09 | I believe I can fly · first_building Castle |
| 34:41 | I believe I can fly · first_building Monastery |
| 39:02 | NeoPlex_cz · age_up imperial |
| 40:15 | I believe I can fly · wall_segment Stone Wall x6 |
| 40:57 | NeoPlex_cz · first_building Castle |
| 40:57 | I believe I can fly · age_up imperial |
| 41:17 | I believe I can fly · wall_segment Stone Wall x1 |
| 42:00 | I believe I can fly · wall_segment Stone Wall x1 |
| 43:02 | I believe I can fly · wall_segment Stone Wall x1 |
| 46:51 | I believe I can fly · resign |
[ AI ANALYSIS · 1 CREDIT ]
What really happened in this match?
Wolo.gg analyzes every decision: build order, eco, micro, common mistakes by bracket. Personalized analysis on WhatsApp or Discord in 30 seconds.
Civ guide
Mongols
Perfil
Jugador #1452314